cohdb
Replays
Latest Replays
All Replays
Popular Replays
Top Player Replays
Match Explorer
How It Works
Community
CoH3 Stats
Reddit
Sign in to upload your games and track your stats! →
Sign in with Steam
Match 41197249
Unlisted
Match 41197249
Overview
Messages
Build Orders
End
Royal Engineer Section
Construct Section Command Post
Infantry Section
Vickers Machine Gun Team
Selects Canadian Shock Battlegroup
Selects Attacking Spirit
Selects Canadian Shock Section
Canadian Shock Section
Construct Platoon Command Post
Construct Company Command Post
Selects Incendiary Munitions
Selects Pyrotechnics
Matilda II Heavy Tank
Infantry Training
Foot Guards Section
Unlock Bishop Self-propelled Artillery
A2O
Dark Angels
郑凯文
PH0BB05
AitorEdy
Lero
Sir Culito
八佰
0
0
Comments
sign in to comment!
No comments posted yet!